cohdb
Replays
Latest Replays
All Replays
Popular Replays
Top Player Replays
Match Explorer
How It Works
Community
CoH3 Stats
Reddit
Sign in to upload your games and track your stats! →
Sign in with Steam
Match 45799129
Unlisted
Match 45799129
Overview
Messages
Build Orders
End
Selects Special Operations Battlegroup
Selects Special Operations Battlegroup
Selects M29 Weasel Recon Vehicle
M29 Weasel Recon Vehicle
Construct Barracks
Riflemen Squad
Riflemen Squad
Grenade Package
Riflemen Squad
Mechanized Support Center
Construct Motor Pool
M24 Chaffee Light Tank
Selects P-47 Anti-Infantry Loiter
Selects UNKNOWN (2162291)
Designate Forward Repair Station
M1918 Browning Automatic Rifles
Selects Raiding Flares
STALKER4732
kit.ohume
Devochkin
DebaKLeTV
Buffallobang
simiver
0
0
Comments
sign in to comment!
No comments posted yet!